Map: 永恒梦境-天梯版

Players

Silky

  • Race: Zerg Zerg
  • League: Master

iGMacSed (MacSed) - Winner!

  • Race: Protoss Protoss

Event: DreamHack SC2 Masters 2020 Summer China

VOD

Have the link to the VOD?

Description

Time

  • Played on: July 2, 2020, 7:47 a.m.
  • Length: 12:18

All games in this series

Show
View Real Time Build Order
Export as new Build Order

Silky Zerg 

Build Orders: Hatch First 

Get SALT Encoding   

  12  0:00  Drone  
  13  0:13  Overlord  
  13  0:17  Drone  
  14  0:31  Drone x2  
  16  0:45  Drone x2  
  18  0:55  Hatchery  
  17  0:58  Drone  
  17  1:00  Extractor  
  17  1:14  Spawning Pool  
  17  1:17  Drone  
  17  1:21  Drone  
  18  1:29  Drone  
  19  1:39  Drone  
  20  1:48  Hatchery  
  20  1:53  Drone  
  20  2:00  Drone  
  21  2:02  Metabolic Boost  
  21  2:06  Zergling x2  
  22  2:14  Queen  
  24  2:23  Queen  
  24  2:29  Overlord  
  26  2:32  Zergling x2  
  26  2:34  Zergling x2  
  28  2:48  Drone x4  
  31  2:53  Queen  
  31  2:56  Drone  
  34  3:01  Zergling x4  
  34  3:02  Drone  
  37  3:11  Drone x2  
  39  3:15  Queen  
  41  3:20  Spore Crawler  
  41  3:25  Overlord  
  41  3:26  Drone  
  41  3:34  Roach Warren  
  41  3:36  Drone  
  41  3:39  Overlord  
  41  3:45  Drone, Spore Crawler  
  41  3:46  Drone x2  
  41  3:51  Drone  
  41  3:52  Drone x2  
  44  3:57  Drone x3  
  47  4:05  Zergling x8  
  47  4:08  Extractor  
  47  4:09  Drone, Extractor  
  48  4:14  Spore Crawler  
  47  4:19  Drone  
  47  4:20  Drone x2  
  50  4:27  Roach x3  
  56  4:38  Drone x4  
  56  4:46  Overlord x4  
  56  4:55  Overlord  
  56  5:04  Roach x3  
  56  5:06  Roach  
  64  5:10  Roach  
  66  5:14  Queen  
  66  5:21  Zergling x6  
  71  5:23  Zergling x2  
  71  5:26  Zergling x2  
  73  5:29  Zergling x4  
  76  5:36  Ravager x4  
  76  5:38  Zergling x4  
  76  5:41  Overlord  
  81  5:46  Ravager  
  82  5:50  Zergling x8  
  82  5:52  Ravager  
  82  5:54  Zergling x4  
  88  6:04  Lair  
  88  6:10  Ravager  
  89  6:13  Drone x6  
  89  6:18  Ravager  
  96  6:20  Overlord  
  96  6:26  Drone x3  
  85  6:42  Drone x5  
  85  6:45  Drone  
  85  6:46  Spore Crawler  
  85  6:47  Drone  
  82  6:48  Queen x2  
  82  6:51  Drone  
  83  6:56  Drone  
  83  7:01  Roach x4  
  92  7:02  Glial Reconstitution  
  92  7:05  Overseer  
  92  7:09  Roach  
  92  7:12  Roach  
  92  7:13  Roach  
  98  7:18  Roach x2  
  100  7:23  Roach x2  
  100  7:28  Overlord  
  105  7:30  Roach  
  105  7:35  Overlord  
  105  7:37  Overlord, Extractor x2  
  105  7:41  Overlord  
  105  7:42  Overlord  
  105  7:44  Roach  
  105  7:45  Overlord  
  105  7:48  Roach  
  107  7:53  Roach  
  107  7:58  Roach x5  
  119  8:00  Ravager x3  
  119  8:04  Roach  
  119  8:05  Roach  
  126  8:06  Zergling x6  
  126  8:10  Overseer  
  129  8:18  Roach x2  
  133  8:20  Overlord  
  133  8:22  Roach  
  133  8:25  Roach x2  
  139  8:28  Roach  
  139  8:30  Overlord  
  139  8:31  Zergling x6  
  144  8:39  Roach x4  
  144  8:40  Zergling x2  
  144  8:41  Ravager  
  154  8:47  Overlord x2  
  152  8:54  Overlord x2  
  151  9:00  Zergling x2  
  151  9:01  Zergling x2  
  153  9:04  Overlord x2  
  153  9:09  Roach  
  159  9:10  Roach x2  
  159  9:14  Roach x2  
  139  9:21  Roach x3  
  139  9:24  Roach  
  140  9:27  Roach x2  
  140  9:30  Ravager x2  
  140  9:31  Ravager x2  
  145  9:36  Roach x2  
  141  9:39  Ravager x2  
  141  9:41  Zergling x2  
  141  9:42  Zergling x2  
  141  9:45  Roach, Ravager  
  140  9:53  Roach x3  
  140  9:59  Roach  
  125  10:02  Roach x3  
  125  10:04  Roach  
  126  10:07  Roach  
  126  10:09  Ravager  
  126  10:11  Roach  
  126  10:14  Zergling x6  
  123  10:19  Zergling x8  
  117  10:24  Zergling x6  
  117  10:27  Roach  
  118  10:30  Roach  
  113  10:38  Roach x4  
  113  10:40  Roach  
  117  10:42  Roach  
  117  10:47  Roach  
  119  10:51  Roach x3  
  119  10:53  Ravager x3  
  119  10:54  Ravager  
  122  10:59  Roach  
  122  11:00  Roach  
  120  11:11  Roach x4  
  120  11:16  Roach x4  
  112  11:22  Roach x2  
  96  11:27  Roach  
  96  11:31  Roach  
  83  11:40  Roach  
  83  11:45  Roach  
  83  11:46  Roach x2  
  71  11:47  Roach  
  71  11:50  Roach  
  71  11:51  Roach  
  65  11:57  Ravager  
  65  12:00  Ravager  
Show
View Real Time Build Order
Export as new Build Order

iGMacSed Protoss - Winner!

Build Orders: 1 Gate Expand, Oracle Opening, Phoenix Opening, Archon Immortal 

Get SALT Encoding   

  12  0:00  Probe  
  13  0:12  Probe  
  14  0:18  Pylon  
  14  0:24  Probe  
  15  0:32  Probe  
  15  0:40  Probe  
  15  0:42  Gateway  
  16  0:49  Assimilator  
  17  0:51  Probe  
  18  1:03  Probe  
  19  1:15  Probe  
  20  1:25  Nexus  
  20  1:36  Cybernetics Core  
  20  1:40  Probe  
  20  1:46  Assimilator  
  21  1:52  Probe  
  21  1:53  Pylon  
  22  2:02  Adept  
  22  2:04  Probe  
  25  2:16  Probe  
  25  2:17  Stargate  
  25  2:22  Adept  
  26  2:25  Warp Gate  
  26  2:28  Probe  
  27  2:35  Probe  
  29  2:40  Probe  
  29  2:43  Probe  
  32  2:52  Adept, Probe x2  
  32  2:53  Oracle  
  36  3:04  Probe  
  36  3:05  Probe  
  41  3:12  Pylon  
  41  3:16  Probe  
  41  3:17  Probe  
  43  3:22  Gateway  
  43  3:23  Oracle  
  43  3:28  Probe  
  43  3:29  Probe  
  43  3:34  Pylon  
  48  3:40  Probe  
  48  3:41  Probe  
  50  3:52  Probe  
  50  3:53  Probe  
  52  3:58  Phoenix  
  54  4:04  Probe  
  54  4:06  Nexus  
  54  4:08  Pylon  
  54  4:09  Probe  
  56  4:16  Probe  
  57  4:19  Twilight Council  
  57  4:20  Forge  
  57  4:21  Probe  
  58  4:28  Probe  
  58  4:29  Assimilator  
  59  4:31  Assimilator  
  59  4:33  Probe  
  60  4:40  Probe  
  60  4:43  Robotics Facility  
  57  4:46  Pylon  
  57  4:47  Probe  
  57  4:52  Gateway  
  58  4:54  Gateway  
  58  4:59  Dark Shrine  
  58  5:00  Probe  
  59  5:07  Probe  
  59  5:10  Shield Battery  
  59  5:12  Probe  
  59  5:13  Photon Cannon  
  61  5:14  Pylon  
  61  5:16  Protoss Ground Weapons Level 1, Charge  
  61  5:24  Immortal  
  61  5:25  Photon Cannon, Sentry  
  61  5:27  Shield Battery  
  63  5:39  Photon Cannon  
  63  5:40  Shield Battery  
  67  5:43  Pylon  
  67  5:47  Gateway  
  67  5:48  Gateway  
  67  5:54  Sentry, Zealot, Pylon  
  71  6:03  Zealot  
  73  6:08  Gateway  
  73  6:11  Gateway, Immortal  
  73  6:16  Dark Templar x2  
  76  6:30  Dark Templar  
  78  6:47  Pylon  
  78  6:48  Pylon  
  78  6:50  Pylon  
  78  6:56  Warp Prism  
  78  6:58  Nexus  
  78  6:59  Pylon  
  78  7:05  Probe x2  
  82  7:10  Archon  
  82  7:18  Cybernetics Core  
  82  7:19  Gateway  
  82  7:23  Nexus  
  82  7:26  Immortal  
  83  7:30  Probe x2  
  83  7:33  Photon Cannon  
  83  7:36  Zealot  
  83  7:37  Zealot  
  92  7:41  Zealot  
  94  7:52  Probe  
  94  7:54  Sentry  
  94  7:57  Immortal, Shield Battery  
  97  8:00  Probe  
  97  8:03  Zealot x3  
  97  8:04  Probe  
  109  8:12  Protoss Ground Weapons Level 2  
  107  8:22  Probe  
  107  8:23  Shield Battery  
  107  8:25  Probe  
  107  8:27  Immortal  
  107  8:37  Templar Archives  
  111  8:53  Dark Templar x3  
  111  8:54  Dark Templar, Zealot x4  
  121  8:58  Archon x2  
  121  9:01  Probe x2  
  121  9:02  Probe  
  122  9:03  Assimilator  
  122  9:07  Assimilator  
  110  9:18  Zealot x4  
  108  9:27  Zealot x4  
  108  9:29  Probe  
  116  9:33  Probe  
  117  9:41  Sentry x2  
  117  9:42  Sentry  
  123  9:48  Probe  
  123  9:53  Zealot  
  123  9:54  Immortal  
  115  10:03  Zealot x4  
  115  10:05  Probe x2  
  111  10:23  Zealot x8  
  111  10:24  Probe  
  122  10:31  Probe  
  122  10:32  Probe  
  120  10:44  Zealot x2  
  120  10:47  Pylon  
  120  10:48  Pylon  
  124  10:51  Psionic Storm  
  122  11:03  Sentry x2  
  124  11:10  Zealot x6  
  132  11:12  Probe  
  101  11:29  Immortal, Probe  
  86  11:51  Zealot x8  
Tags
 
Add a new tag
Caveats
  • Supply blocks, unpowered buildings, or Contaminate may cause inaccurate times.
  • Supply counts are checked every 10 seconds.